 Dungeon Crawl Stone Soup version 0.14-a0-629-g748cab2 (webtiles) character file.

237 JacquesDerrida the Slasher (level 4, -1/36 HPs)
             Began as a Draconian Skald on Nov 5, 2013.
             Slain by a phantom (7 damage)
             ... on Level 3 of the Dungeon.
             The game lasted 00:06:12 (2549 turns).

JacquesDerrida the Slasher (Draconian Skald)        Turns: 2549, Time: 00:06:12

HP  -1/36        AC  5     Str 15      XL: 4   Next: 86%
MP   5/8         EV 11     Int 13      God:
Gold 109         SH  0     Dex 10      Spells:  2 memorised,  3 levels left

Res.Fire  : + . .   See Invis. : .   r - +1,+0 elf falchion
Res.Cold  : . . .   Warding    : .   (armour unavailable)
Life Prot.: . . .   Conserve   : .   (no shield)
Res.Poison: .       Res.Corr.  : .   (helmet restricted)
Res.Elec. : .       Clarity    : .   (no cloak)
Sust.Abil.: . .     Spirit.Shd : .   (no gloves)
Res.Mut.  : .       Stasis     : .   (no boots)
Res.Rott. : .       Flight     : .   h - amulet of faith {unknown}
Saprovore : . . .                    (no ring)
                                     j - ring of protection from fire {unknown}

@: slightly resistant to hostile enchantments, unstealthy
A: unfitting armour, AC +5
a: no special abilities


You were on level 3 of the Dungeon.
You were not hungry.

You visited 1 branch of the dungeon, and saw 3 of its levels.

You collected 109 gold pieces.

Inventory:

Hand weapons
 a - a +0,+0 falchion
 r - a +1,+0 elven falchion (weapon)
Missiles
 s - 7 tomahawks
 u - 4 steel tomahawks (quivered)
Comestibles
 b - a pear
 d - 4 bread rations
 g - 2 chunks of orc flesh
 k - 3 meat rations
Scrolls
 e - 3 scrolls of amnesia {unknown}
 f - 6 scrolls of identify {unknown}
 i - a scroll of curse weapon {unknown}
 l - a scroll of random uselessness {unknown}
 m - 2 scrolls of enchant weapon II {unknown}
 p - a scroll of noise {unknown}
 v - 2 scrolls of recharging {unknown}
Jewellery
 h - an amulet of faith (around neck) {unknown}
 j - a ring of protection from fire (left hand) {unknown}
Potions
 n - a potion of speed {unknown}
 o - 3 potions of heal wounds {unknown}
 t - a potion of slowing {unknown}
Books
 c - a book of Battle

   Spells                             Type                      Level
   *Infusion                          Charms                       1
   Shroud of Golubria                 Charms/Translocation         2
   Song of Slaying                    Charms                       2
   *Spectral Weapon                   Hexes/Charms                 3
   Regeneration                       Charms/Necromancy            3


   Skills:
 - Level 2.1 Fighting
 * Level 4.8 Long Blades
 - Level 1.3 Dodging
 - Level 2.0 Spellcasting
 - Level 3.1 Charms


You had 3 spell levels left.
You knew the following spells:

 Your Spells              Type           Power        Failure   Level  Hunger
a - Infusion              Chrm           #.....       10%         1    ##.....
b - Spectral Weapon       Hex/Chrm       #.......     38%         3    ####...


Dungeon Overview and Level Annotations

Branches:
Dungeon (3/27)

Altars:


Message History

The phantom blinks!
You hit the phantom.
Your tail-slap misses the phantom.
The phantom is heavily damaged.
The phantom closely misses you.
You closely miss the phantom.
You tail-slap the phantom, but do no damage.
The phantom is heavily damaged.
The phantom hits you.
* * * LOW HITPOINT WARNING * * *
The phantom barely misses you.
You barely miss the phantom.
The phantom is heavily damaged.
The phantom hits you but does no damage.
You slash the phantom!
The phantom is severely damaged.
The phantom misses you.
You hit the phantom.
The phantom is severely damaged.
The phantom hits you!
You die...

#.......... #####
#........... .....
#...........# ######
#...........## #.....
######.............
...###
#................#
#..........$.....#
####........p.......#
#...........@.....!....
#.##[.....##..########
#.##......##..#
#.##..###.##..#
###.##..# #.....#
#..#....###.###.#
#.#.###.....# #.###
#.#.........# #...###
#.#.####....###.....


You could see a phantom.

Vanquished Creatures
  5 adders
  A worm (D:3)
  A giant gecko (D:3)
  6 orcs (D:3)
  A giant cockroach (D:1)
  6 hobgoblins
  10 jackals
  3 ball pythons
  6 bats
  A giant newt (D:1)
  9 goblins
  8 kobolds
  13 rats
70 creatures vanquished.

Notes
Turn   | Place    | Note
--------------------------------------------------------------
     0 | D:1      | JacquesDerrida, the Draconian Skald, began the quest for the Orb.
     0 | D:1      | Reached XP level 1. HP: 16/16 MP: 3/3
   119 | D:1      | Reached XP level 2. HP: 14/23 MP: 5/5
   316 | D:1      | Reached skill level 3 in Long Blades
   803 | D:2      | Reached XP level 3. HP: 28/28 MP: 6/6
  1061 | D:2      | Learned a level 3 spell: Spectral Weapon
  1379 | D:3      | Reached skill level 4 in Long Blades
  1467 | D:3      | Reached XP level 4. HP: 10/36 MP: 8/8
  2515 | D:3      | Noticed a phantom
  2549 | D:3      | Slain by a phantom

Action                   |  1- 3 |  4- 6 || total
-------------------------+-------+-------++-------
Melee: Falchion          |   142 |   108 ||   250
Throw: Tomahawk          |       |     7 ||     7
 Cast: Infusion          |     1 |     7 ||     8
